 Dungeon Crawl Stone Soup version 0.31.0-11-ge490571c62 (webtiles) character file.

Game seed: 4707373409057541029

397 protoss039 the Changeling (level 6, -14/48 HPs)
             Began as a Demonspawn Shapeshifter on Jan 31, 2024.
             Demolished by Pikel
             ... wielding a +2 whip of electrocution
              (16 damage)
             ... on level 4 of the Dungeon.
             The game lasted 00:06:56 (3223 turns).

protoss039 the Changeling (Demonspawn Shapeshifter) Turns: 3223, Time: 00:06:56

Health: -14/48     AC: 12    Str: 14    XL:     6   Next: 53%
Magic:  15/15      EV:  9    Int: 12    God:
Gold:   89         SH:  0    Dex: 13    Spells: 5/5 levels left

rFire   . .          .
                       - Unarmed
rCold   . . .        (no shield)
rNeg    . . .        r - +0 plate armour
rPois   .            (helmet currently unavailable)
rElec   .            (cloak currently unavailable)
rCorr   .            (gloves currently unavailable)
SInv    .            (boots currently unavailable)
Will    .....        (no amulet) Stlth
                     o - ring of magical power
HPRegen 0.28/turn    h - +5 ring of evasion
MPRegen 0.14/turn

%: no passive effects
@: beast-form
A: beast (slay +2), hooves 2, thin metallic scales 1
a: Begin Untransformation


You were on level 4 of the Dungeon.
You were a hulking beast.
You visited 1 branch of the dungeon, and saw 4 of its levels.

You collected 187 gold pieces.
You spent 98 gold pieces at shops.

Inventory:

Hand Weapons
 e - a +0 dagger
Missiles
 j - 4 poisoned darts (quivered)
Armour
 r - a +0 plate armour (worn)
Jewellery
 h - a +5 ring of evasion (right hand)
 o - a ring of magical power (left hand)
Talismans
 c - a beast talisman (active)
 d - a flux talisman
Wands
 n - a wand of flame (14)
Scrolls
 a - 2 scrolls of amnesia {unknown}
 g - 2 scrolls of teleportation {unknown}
 k - a scroll of brand weapon {unknown}
 m - a scroll of noise {unknown}
 p - a scroll of fear {unknown}
 q - a scroll of enchant weapon {unknown}
Potions
 b - a potion of lignification
 f - a potion of resistance {unknown}
 i - a potion of curing
 l - a potion of heal wounds {unknown}


   Skills:
 * Level 4.0 Fighting
 + Level 2.0 Armour
 - Level 3.0 Dodging
 - Level 3.0 Unarmed Combat
 * Level 4.1 Shapeshifting


You had 5 spell levels left.
You didn't know any spells.
Your spell library contained the following spells:

 Spells                   Type           Power      Damage    Failure   Level
 Dazzling Flash           Conj/Hex       0%         N/A       100%        3
 Volatile Blastmotes      Fire/Tloc      0%         2d10      100%        3
 Starburst                Conj/Fire      0%         6d3       100%        6
 Maxwell's Capacitive Co  Air            0%         ∞         100%        8


Dungeon Overview and Level Annotations

Branches:
Dungeon (4/15) Zot: 20771
 Temple: D:4-7

Altars:

Shops:
D:3 !

Annotations:
D:4 Pikel


Innate Abilities, Weirdness & Mutations

You are a hulking beast.
Your limbs bulge with bestial killing power. (Slay +2)
You have hoof-like feet.
You are partially covered in thin metallic scales. (AC +2)


Message History

Unknown command.
You hit the kobold.
You kill the kobold!
Unknown command.
Aiming: Throw Flame
Press: ? - help, Shift-Dir - straight line, f - Pikel
Aim: Pikel, wielding a +2 whip of electrocution, wearing a +2 robe of fire resistance and carrying a wand of roots (60% to hit)
The puff of flame hits Pikel but does no damage.
Aiming: Throw Flame
Press: ? - help, Shift-Dir - straight line, f/p - Pikel
Aim: Pikel, wielding a +2 whip of electrocution, wearing a +2 robe of fire resistance and carrying a wand of roots (60% to hit)
The puff of flame hits Pikel but does no damage.
Okay, then.
Okay, then.
Unknown command.
Unknown command.
Unknown command.
Pikel attacks as he pursues you! Pikel hits you but does no damage.
You are electrocuted!
* * * LOW HITPOINT WARNING * * *
Unknown command.
Okay, then.
Okay, then.
Okay, then.
Search for what [Enter for "."]? relec Can't find anything matching that.
Unknown command.
Okay, then.
You don't know any spells.
Unknown command.
Okay, then.
Unknown command.
h - a +5 ring of evasion (right hand) Unknown command.
Pikel attacks as he pursues you!
Pikel hits you with a +2 whip of electrocution!
* * * LOW HITPOINT WARNING * * *
You are electrocuted!
You die...
Pikel says, "See you in Hell!"

## ############### #.#
######.............#
#.#####.......h...######.#
##.......###.K........##.#
#....5...###..###.###.##†######
..$#######......# #.#
#.<........ ...
#..###.###.##########.## ...
#..# #.##.........# #.# .≈.
######..###.###.######.# #.#
... #....>....#.# ### #.###.##
... #.####..#.#.# ### #.##>..#


You could see Pikel.

Vanquished Creatures
  Sigmund (D:4)
  A phantom (D:3)
  A sleepcap (D:4)
  4 gnolls
  2 adders
  2 ribbon worms
  10 orcs
  5 ball pythons
  2 bats
  5 endoplasms
  3 giant cockroaches
  6 hobgoblins
  3 jackals (D:2)
  6 kobolds
  3 quokkas
  3 frilled lizards
  3 goblins
  5 rats
65 creatures vanquished.

Notes
Turn   | Place    | Note
-------+----------+-------------------------------------------
     0 | D:1      | protoss039 the Demonspawn Shapeshifter began the quest for
                  | the Orb.
     0 | D:1      | Reached XP level 1. HP: 15/15 MP: 1/1
   303 | D:1      | Gained mutation: You have large cloven feet. [demonic
                  | ancestry]
   303 | D:1      | Reached XP level 2. HP: 15/21 MP: 2/2
  1363 | D:2      | Reached XP level 3. HP: 26/27 MP: 3/3
  1695 | D:3      | Noticed a phantom
  2066 | D:3      | Gained mutation: You have hoof-like feet. [demonic
                  | ancestry]
  2066 | D:3      | Reached XP level 4. HP: 27/33 MP: 4/4
  2123 | D:3      | Killed a phantom
  2124 | D:3      | Reached skill level 1 in Armour
  2124 | D:3      | Gained mutation: You are partially covered in thin metallic
                  | scales. (AC +2) [demonic ancestry]
  2124 | D:3      | Reached XP level 5. HP: 32/39 MP: 5/5
  2151 | D:3      | Found Miumibb's Distillery.
  2161 | D:3      | Bought a potion of curing for 42 gold pieces
  2161 | D:3      | Bought a potion of might for 56 gold pieces
  2485 | D:4      | Noticed a lemure
  2485 | D:4      | Noticed a lemure
  2486 | D:4      | Noticed Pikel
  2486 | D:4      | Noticed a lemure
  2486 | D:4      | Noticed a lemure
  2871 | D:4      | Noticed Sigmund
  2885 | D:4      | Killed Sigmund
  2886 | D:4      | Reached XP level 6. HP: 17/48 MP: 6/6
  3223 | D:4      | HP: 2/48 [Pikel/+2 whip of electrocution (10)]
  3223 | D:4      | Demolished by Pikel

Illustrated notes

Levels and vault maps discovered:
D:1:      roderic_crossed_star, layout_basic, dk_noncrumbling_4,
          serial_bayou_crossing
D:2:      layout_loops_cross, minmay_misc_feat_diagonals,
          chequers_serial_rivers_micro_d
D:3:      minmay_skewed_foursquare, layout_loops_ring, serial_shops,
          shop_fountains, chequers_serial_rivers_micro_a,
          minmay_misc_feat_more_columns
D:4:      layout_loops_ring, kennysheep_decorative_pillar,
          minmay_manual_mandibuliform, uniq_pikel, uniq_sigmund

Skill      XL: |  1  2  3  4  5  6 |
---------------+-------------------+-----
Dodging        | 2 3 |  3.0
Unarmed Combat | 3 |  3.0
Fighting       | 2 3 4 |  4.0
Shapeshifting  | 3 4 |  4.1
Armour         | 1 2 |  2.0

Action                     |  1- 3 |  4- 6 || total
---------------------------+-------+-------++-------
  Melee: Unarmed           |    88 |    93 ||   181
         Dagger            |    13 |       ||    13
         Punch             |     3 |     3 ||     6
         Kick              |    14 |    32 ||    46
  Evoke: Wand              |       |     3 ||     3
    Use: Potion            |       |     2 ||     2
   Stab: Sleeping          |     1 |       ||     1
 Armour: Skin              |     8 |       ||     8
         Animal skin       |     6 |       ||     6
         Chain mail        |    44 |    13 ||    57
         Ring mail         |     1 |       ||     1
         Plate armour      |       |    62 ||    62
  Dodge: Dodged            |    53 |    15 ||    68
   Form: Beast             |     1 |       ||     1
         Flux              |     1 |       ||     1
